AoeStats
← bkg45

Nomad

506191672Analyzed
4v4 RM · 19d ago on Sep 12, 2026· 47m 14s· 8 players
Game mode
Random Map
Map size
231×231
Population
200
Speed
Normal
Resources
Standard
Victory
Conquest
Starting age
Dark Age
Ending age
Imperial Age
RankedLock teamsTeams togetherTeam positionsShared explorationLock speedFull tech treeHidden civsTurbo modeCheats
Victory
Defeat
🇺🇸 Italians · United States
1309
+14
🇺🇸 Goths · United States
1300
+14
🇺🇸 Poles · United States
1295
+14
🇧🇷 Chinese · Brazil
1190
+20
🇦🇷 Persians · Argentina
1327
-18
🇳🇴 Britons · Norway
1277
-16
🇨🇱 Mongols · Chile
1248
-15
🇨🇴 Saracens · Colombia
1191
-13
[NuMa] cristo22B
8:40 Loom
12:52 Feudal Age
14:20 Wheelbarrow
14:18 Double-Bit Axe
15:54 Fishing Lines
22:00 Castle Age
20:34 Fletching
20:57 Forging
21:22 Stone Mining
21:45 Scale Barding Armor
24:01 Medium Warships
38:10 Imperial Age
38:51 Man-at-Arms
44:41 Conscription
46:27 Bow Saw
Floki
5:26 Loom
14:00 Feudal Age
15:47 Wheelbarrow
18:45 Castle Age
17:17 Gold Mining
17:53 Fletching
18:54 Double-Bit Axe
21:41 Bodkin Arrow
28:00 Padded Archer Armor
29:06 Town Watch
29:13 Horse Collar
32:11 Leather Archer Armor
32:58 Heavy Plow
33:13 Bow Saw
37:32 Yeomen
38:32 Hand Cart
41:48 Imperial Age
40:16 Ballistics
43:50 Bracer
44:21 Ring Archer Armor
44:33 Elite Longbowman
facuescudero2375
5:47 Loom
13:51 Feudal Age
15:03 Wheelbarrow
18:15 Castle Age
17:34 Stone Mining
18:20 Town Watch
21:06 Fletching
29:26 Bodkin Arrow
38:02 Gold Mining
38:00 Horse Collar
38:20 Double-Bit Axe
43:48 Forging
43:44 Scale Barding Armor
43:38 Fishing Lines
47:32 Imperial Age
45:18 Gillnets
47:13 Bloodlines
BastMaaat
5:09 Loom
14:19 Feudal Age
16:42 Double-Bit Axe
19:49 Castle Age
19:34 Wheelbarrow
18:54 Gold Mining
19:01 Gold Mining
21:47 Town Watch
23:37 Fletching
24:26 Bodkin Arrow
40:15 Bow Saw
39:48 Horse Collar
HxV
4:58 Loom
14:23 Feudal Age
18:21 Castle Age
17:39 Double-Bit Axe
17:37 Horse Collar
19:11 Bow Saw
21:30 Squires
24:10 Scale Mail Armor
27:49 Wheelbarrow
30:09 Forging
32:07 Hand Cart
34:10 Heavy Plow
34:32 Chain Mail Armor
35:38 Town Watch
39:08 Imperial Age
37:42 Anarchy
38:56 Iron Casting
39:22 Elite Huskarl
41:17 Blast Furnace
41:06 Conscription
41:11 Perfusion
nprhino_aoe
10:39 Loom
12:47 Feudal Age
16:40 Castle Age
17:33 Fletching
27:38 Bodkin Arrow
27:53 Horse Collar
44:11 Masonry
48:12 Ballistics
MattVini
3:35 Loom
14:03 Feudal Age
14:55 Double-Bit Axe
19:54 Castle Age
29:14 Horse Collar
32:02 Fletching
33:29 Wheelbarrow
33:19 Padded Archer Armor
35:21 Leather Archer Armor
40:17 Imperial Age
38:34 Scale Barding Armor
39:30 Forging
39:32 Heavy Plow
39:24 Gold Mining
40:11 Bloodlines
42:02 Iron Casting
41:07 Cavalier
42:47 Chain Barding Armor
45:49 Plate Barding Armor
45:21 Bodkin Arrow
46:28 Blast Furnace
bkg45
4:42 Loom
13:38 Feudal Age
17:20 Castle Age
15:45 Town Watch
16:37 Double-Bit Axe
16:34 Horse Collar
17:09 Fishing Lines
19:02 Bow Saw
22:45 Fletching
25:03 Szlachta Privileges
30:34 Scale Barding Armor
31:41 Bloodlines
33:26 Forging
36:33 Light Cavalry
38:46 Husbandry
41:26 Chain Barding Armor
Connection lost

Rejoining the realm…

Still unreachable

The connection could not be restored.

Session expired

The server has moved on; the page needs a fresh start.